 Dungeon Crawl Stone Soup version 0.31.0-11-ge490571c62 (webtiles) character file.

Game seed: 4686488547429617389

7342 shadizar the Fighter (level 11, -8/87 HPs)
             Began as a Djinni Hedge Wizard on Jan 27, 2024.
             Was a Follower of Makhleb.
             Mangled by a shadow (29 damage)
             ... on level 8 of the Dungeon.
             The game lasted 00:35:29 (14571 turns).

shadizar the Fighter (Djinni Hedge Wizard)         Turns: 14571, Time: 00:35:30

Health: -8/87      AC:  8    Str:  9    XL:     11   Next: 35%
Gold:   661        EV: 10    Int: 20    God:    Makhleb [*.....] SH:  9 Dex: 13

rFire   + + .        a - +1 dagger (venom)
rCold   . . .        B - +1 kite shield of the Sun {rCorr}
rNeg    . . .        E - +3 leather armour {Will+}
rPois   ∞            c - +1 hat
rElec   .            o - +0 cloak
rCorr   +            (no gloves)
SInv    .            (boots unavailable)
Will    ++...        (no amulet)
Stlth   ++           p - ring of ice
HPRegen 0.34/turn    F - ring of protection from fire
MPRegen 0.00/turn

%: infuse magic (-9 HP)
@: flying, hasted, very quick
A: sickness immunity, fire resistance 2, cold vulnerability 1, float, innate
caster, HP casting, extra vitality 1
a: Renounce Religion


You were on level 8 of the Dungeon.
You worshipped Makhleb.
Makhleb was aware of your devotion.
You visited 2 branches of the dungeon, and saw 11 of its levels.
You also visited: Ossuary and Bailey.

You collected 661 gold pieces.

Inventory:

Hand Weapons
 a - a +1 dagger of venom (weapon)
 D - a +7 sling of freezing
Armour
 c - a +1 hat (worn)
 o - a +0 cloak (worn)
 z - +0 acid dragon scales
 B - the +1 kite shield of the Sun (worn) {rCorr}
   (You found it in a bailey)

   rCorr:     It protects you from acid and corrosion.
 E - a +3 leather armour of willpower (worn)
Jewellery
 i - a ring of fire
 p - a ring of ice (left hand)
 q - a ring of see invisible
 F - a ring of protection from fire (right hand)
Wands
 h - a wand of quicksilver (13)
 x - a wand of flame (25)
Scrolls
 d - 12 scrolls of identify
 f - 3 scrolls of blinking
 g - a scroll of poison
 l - 2 scrolls of teleportation
 m - 2 scrolls of summoning
 n - 3 scrolls of immolation
 r - 2 scrolls of noise
 t - 2 scrolls of enchant weapon
 w - a scroll of brand weapon
Potions
 e - 2 potions of curing
 j - 2 potions of might
 k - 3 potions of lignification
 v - a potion of cancellation
 C - a potion of mutation


   Skills:
 + Level 11.5 Fighting
 + Level 4.4 Dodging
 - Level 1.5 Stealth
 + Level 3.3 Shields
 + Level 9.3 Spellcasting
 + Level 9.3 Conjurations
 + Level 9.3 Hexes
 + Level 9.3 Summonings
 + Level 9.3 Necromancy
 + Level 9.3 Translocations
 + Level 9.3 Fire Magic
 + Level 9.3 Ice Magic
 + Level 9.3 Air Magic
 + Level 9.3 Earth Magic
 + Level 9.3 Alchemy


You knew the following spells:

 Your Spells              Type           Power      Damage    Failure   Level
a - Magic Dart            Conj           100%       1d8       1%          1
b - Slow                  Hex            100%       N/A       1%          1
c - Blink                 Tloc           92%        N/A       1%          2
d - Call Imp              Summ           92%        N/A       1%          2
e - Mephitic Cloud        Conj/Alch/Air  46%        N/A       3%          3
f - Necrotise             Necr           100%       1d9       1%          1
g - Momentum Strike       Conj/Tloc      92%        3d10      1%          2
h - Dazzling Flash        Conj/Hex       92%        N/A       3%          3
i - Flame Wave            Conj/Fire      46%        2d12      12%         4
j - Passage of Golubria   Tloc           46%        N/A       12%         4
Your spell library was empty.

Dungeon Overview and Level Annotations

Branches:
Dungeon (10/15)            Temple (1/1) D:6         Ossuary (visited)
 Bailey (visited)
   Lair: D:8-11         Orc: D:9-12

Altars:
Ashenzari
Cheibriados
Elyvilon
Fedhas
Gozag
Hepliaklqana
Makhleb
Nemelex Xobeh
Okawaru
Qazlal
Ru
Trog
Uskayaw
Wu Jian
Xom
Zin
The Shining One

Shops:
D:5 (

Annotations:
D:4 Sigmund


Innate Abilities, Weirdness & Mutations

You are immune to sickness and miasma.
You are immune to poison.
Your flesh is very heat resistant. (rF++)
You are vulnerable to cold. (rC-)
You float through the air rather than walking.
You learn spells naturally, not from books.
Your magical power is your life essence.
You have superior vitality. (+4 MHP)


Message History

You are too injured to fight recklessly!
You are too injured to fight recklessly!
Casting: Momentum Strike (safe; 1% risk of failure)
Confirm with . or Enter, or press ? or * to list all spells.
Aiming: Magic Dart (safe; 1% risk of failure)
Press: ? - help, Shift-Dir - straight line, f/p - shadow
Aim: a shadow (moderately damaged, ally target, 100% to hit)
The magic dart hits the shadow but does no damage.
The shadow is moderately damaged.
The shadow slips into darkness.
The shadow flickers and vanishes!
Deactivating autopickup; reactivate with Ctrl-A.
The shadow strikes at you from the darkness!
* * * LOW HITPOINT WARNING * * *
Reactivating autopickup.
Your cerulean imp barely misses the shadow.
Your cerulean imp hits the shadow but does no damage.
Your cerulean imp hits the shadow with a +0 spear.
The shadow slips into darkness.
The shadow flickers and vanishes!
Deactivating autopickup; reactivate with Ctrl-A.
Your cerulean imp hits something but does no damage.
Your cerulean imp hits something with a +0 spear.
The shadow strikes at you from the darkness!
* * * LOW HITPOINT WARNING * * *
Reactivating autopickup.
There is a stone staircase leading up here.
The shadow slips into darkness.
The shadow flickers and vanishes!
Deactivating autopickup; reactivate with Ctrl-A.
Your cerulean imp hits something with a +0 spear.
You fly upwards.
Reactivating autopickup.
There is a stone staircase leading down here.
Unknown command.
You feel yourself speed up.
The shadow strikes at you from the darkness!
Deactivating autopickup; reactivate with Ctrl-A.
The shadow strikes at you from the darkness!
You die...

#.#########.#.####
#..#........#.#
#..#.########.#
#..#.# #.# #####
#..#.# #.# ....#
#....# #.# ....#
#.##.# #.# ....#
#..#{# #.# ....#
##.@># #.# ....#
##### #####.#
....# #.....#
....# #.#####
....# #.# ....#
#########.# ....#
#.........# ....#
#.######### ##'##
#.......#


There were no monsters in sight!

Vanquished Creatures
  Erica (D:8)
  A two-headed ogre (D:9)
  Joseph (D:8)
  4 kobold demonologists (D:10)
  A wraith (D:10)
  Grum (D:8)
  A steam dragon (D:7)
  2 acid dragons (D:9)
  2 water moccasins
  6 orc warriors
  2 ice beasts
  2 black bears
  2 sky beasts
  3 wolves (D:8)
  A phantom (D:7)
  A kobold brigand (D:10)
  5 bullfrogs
  4 scorpions
  4 wights (D:8)
  8 killer bees (D:9)
  A howler monkey (D:5)
  3 orc priests
  2 human zombies (Ossuary)
  Natasha (D:2)
  3 scorpion zombies (Ossuary)
  2 iguanas
  6 orc wizards
  A hound zombie (D:3)
  A hound skeleton (D:3)
  2 mummies (Ossuary)
  12 gnolls
  8 adders
  2 white imps
  3 adder zombies
  4 ribbon worms
  4 dart slugs
  41 orcs
  4 ball pythons
  5 bats
  4 endoplasms
  3 giant cockroaches
  2 gnoll zombies (Ossuary)
  4 goblins (D:1)
  8 hobgoblins
  12 jackals
  8 quokkas
  A ball python skeleton (D:3)
  2 ball python zombies (Ossuary)
  8 frilled lizards
  A jackal zombie (Ossuary)
  9 kobolds
  An orc zombie (Ossuary)
  A quokka zombie (D:3)
  6 rats
227 creatures vanquished.

Vanquished Creatures (collateral kills)
  An orc warrior (D:5)
  2 scorpions
  A centaur zombie (Ossuary)
  A human zombie (Ossuary)
  An orc priest (D:6)
  4 scorpion zombies (Ossuary)
  A mummy (Ossuary)
  2 orcs
  A gnoll zombie (Ossuary)
  An orc zombie (Ossuary)
15 creatures vanquished.

Vanquished Creatures (others)
  A killer bee (D:9)
1 creature vanquished.

Grand Total: 243 creatures vanquished

Notes
Turn   | Place    | Note
-------+----------+-------------------------------------------
     0 | D:1      | shadizar the Djinni Hedge Wizard began the quest for the
                  | Orb.
     0 | D:1      | shadizar set off with the following spells memorised: Magic
                  | Dart, Slow, Blink, Call Imp, Mephitic Cloud.
     0 | D:1      | Reached XP level 1. HP: 15/15 MP: 0/0
   125 | D:1      | Reached XP level 2. HP: 21/22 MP: 0/0
   155 | D:1      | Reached skill level 1 in Fighting
   334 | D:1      | Reached XP level 3. HP: 26/27 MP: 0/0
   334 | D:1      | Learned a level 1 spell: Necrotise
   815 | D:1      | Reached skill level 2 in Fighting
  1304 | D:2      | Reached XP level 4. HP: 14/33 MP: 0/0
  1304 | D:2      | Noticed Natasha
  1470 | D:3      | You are sucked into a shaft and drop 3 floors!
  1529 | D:6      | Noticed a black bear
  1564 | D:6      | Killed a black bear
  1565 | D:6      | Reached skill level 3 in Fighting
  1565 | D:6      | Reached XP level 5. HP: 31/40 MP: 0/0
  1565 | D:6      | Learned a level 2 spell: Momentum Strike
  1610 | D:6      | Found a staircase to the Ecumenical Temple.
  1612 | D:5      | Entered Level 5 of the Dungeon
  1612 | D:5      | Found Muesorul's Weapon Shoppe.
  1613 | D:5      | Noticed an orc warrior
  1785 | Temple   | Entered the Ecumenical Temple
  2031 | D:6      | Reached XP level 6. HP: 45/47 MP: 0/0
  2225 | D:5      | Reached skill level 4 in Fighting
  2545 | D:5      | Noticed a black bear
  2558 | D:5      | Killed a black bear
  2559 | D:5      | Reached XP level 7. HP: 31/53 MP: 0/0
  2559 | D:5      | Learned a level 3 spell: Dazzling Flash
  2658 | D:5      | Reached skill level 5 in Fighting
  2658 | D:5      | Reached skill level 5 in Spellcasting
  2658 | D:5      | Reached skill level 5 in Conjurations
  2658 | D:5      | Reached skill level 5 in Hexes
  2658 | D:5      | Reached skill level 5 in Summonings
  2658 | D:5      | Reached skill level 5 in Necromancy
  2658 | D:5      | Reached skill level 5 in Translocations
  2658 | D:5      | Reached skill level 5 in Fire Magic
  2658 | D:5      | Reached skill level 5 in Ice Magic
  2658 | D:5      | Reached skill level 5 in Air Magic
  2658 | D:5      | Reached skill level 5 in Earth Magic
  2658 | D:5      | Reached skill level 5 in Alchemy
  2752 | D:4      | Found a sand-covered staircase.
  2762 | Ossuary  | Entered an ossuary
  3038 | Ossuary  | Reached XP level 8. HP: 42/61 MP: 0/0
  3356 | Ossuary  | Reached skill level 6 in Fighting
  4569 | D:4      | Found a glowing golden altar of the Shining One.
  4622 | D:4      | Noticed Sigmund
  5043 | D:5      | Reached skill level 7 in Fighting
  6148 | D:3      | Reached XP level 9. HP: 58/68 MP: 0/0
  6148 | D:3      | Learned a level 4 spell: Flame Wave
  6701 | D:2      | Killed Natasha
  7452 | D:3      | Found a faded altar of an unknown god.
  7929 | D:6      | Reached skill level 8 in Fighting
  9203 | D:7      | Found a broken altar of Ashenzari.
  9236 | D:7      | Found a hide-covered altar of Uskayaw.
  9607 | D:8      | Reached skill level 9 in Fighting
  9618 | D:8      | Noticed Grum
  9629 | D:8      | Killed Grum
  9630 | D:8      | Reached XP level 10. HP: 30/78 MP: 0/0
 10128 | D:8      | Noticed Joseph
 10179 | D:8      | Noticed Erica
 10251 | D:9      | Found a burning altar of Makhleb.
 10270 | D:9      | Became a worshipper of Makhleb the Destroyer
 10314 | D:9      | Noticed a two-headed ogre
 10346 | D:9      | Killed a two-headed ogre
 10347 | D:9      | Reached skill level 10 in Fighting
 10393 | D:9      | Found a flagged portal.
 10694 | Bailey   | Entered a bailey
 10845 | Bailey   | Reached * piety under Makhleb
 10965 | Bailey   | Identified the +0 crystal plate armour "Qeazeag" {Slay+3}
 10968 | Bailey   | Identified the +1 kite shield of the Sun {rCorr}
 11725 | D:9      | Reached skill level 11 in Fighting
 12241 | D:10     | Entered Level 10 of the Dungeon
 12303 | D:10     | HP: 4/82 [wraith (11)]
 12557 | D:10     | Noticed a kobold demonologist
 12557 | D:10     | Noticed a kobold demonologist
 12557 | D:10     | Noticed a kobold demonologist
 12558 | D:10     | Noticed a kobold demonologist
 12565 | D:10     | Killed a kobold demonologist
 12566 | D:10     | Reached skill level 1 in Shields
 12569 | D:10     | Killed a kobold demonologist
 12570 | D:10     | Reached XP level 11. HP: 50/87 MP: 0/0
 12570 | D:10     | Learned a level 4 spell: Passage of Golubria
 14182 | D:8      | Killed Joseph
 14460 | D:8      | Killed Erica
 14571 | D:8      | Mangled by a shadow

Illustrated notes

Levels and vault maps discovered:
D:1:      wander_arrival_estate, layout_basic
D:2:      layout_basic, minmay_pentomino_t2, uniq_natasha
D:3:      layout_loops_ring, serial_undead, serial_undead_e, serial_undead_c,
          serial_undead_d, serial_undead_c, serial_undead_b, serial_undead_c,
          serial_undead_c, serial_undead_e, shapermc_ecumenical_altar_venn
D:4:      layout_loops_ring, tso_oasis_becter, enter_ossuary_1, uniq_sigmund
D:5:      layout_cave_pods, nicolae_stop_n_shop_2
D:6:      layout_loops_corners, minmay_temple_entry_proselytizer
D:7:      nicolae_cairo_tiling_large, layout_basic,
          nicolae_overflow_hidden_temple
D:8:      layout_basic, uniq_grum, uniq_erica, uniq_joseph
D:9:      layout_long_grid, overflow_temple_1_default, enter_bailey_6,
          minivault_26, kennysheep_generic_room_13
D:10:     layout_roguey, grunt_dithmenos_shadows, nicolae_trove_entry_diagonal
Temple:   eino_temple_scatter_basement

Skill      XL: |  1  2  3  4  5  6  7  8  9 10 11 |
---------------+----------------------------------+-----
Fighting       | 1 2 3 4 5 7 9 11 | 11.5
Spellcasting   | 4 5 6 7 9 |  9.3
Conjurations   | 4 5 6 7 9 |  9.3
Hexes          | 4 5 6 7 9 |  9.3
Summonings     | 4 5 6 7 9 |  9.3
Necromancy     | 4 5 6 7 9 |  9.3
Translocations | 4 5 6 7 9 |  9.3
Fire Magic     | 4 5 6 7 9 |  9.3
Ice Magic      | 4 5 6 7 9 |  9.3
Air Magic      | 4 5 6 7 9 |  9.3
Earth Magic    | 4 5 6 7 9 |  9.3
Alchemy        | 4 5 6 7 9 |  9.3
Shields        | 1 3 |  3.3
Dodging        | 3 4 |  4.4
Stealth        | |  1.5

Action                     |  1- 3 |  4- 6 |  7- 9 | 10-12 || total
---------------------------+-------+-------+-------+-------++-------
  Melee: Dagger            |       |       |     2 |       ||     2
   Cast: Magic Dart        |    94 |    80 |   527 |   350 ||  1051
         Necrotise         |     2 |       |       |     5 ||     7
         Mephitic Cloud    |     1 |    13 |    27 |    48 ||    89
         Call Imp          |       |     7 |    31 |    11 ||    49
         Blink             |       |       |     2 |     1 ||     3
         Momentum Strike   |       |       |     1 |     1 ||     2
         Dazzling Flash    |       |       |     1 |     6 ||     7
         Flame Wave        |       |       |       |    19 ||    19
         Slow              |       |       |       |     1 ||     1
    Use: Scroll            |       |       |     4 |    13 ||    17
         Potion            |       |       |       |    16 ||    16
 Armour: Robe              |     9 |    13 |   101 |    92 ||   215
         Leather armour    |       |       |       |     7 ||     7
  Dodge: Dodged            |     5 |    10 |    82 |    71 ||   168
  Block: Kite shield       |       |       |       |     2 ||     2
